 Dungeon Crawl Stone Soup version 0.30-a0-600-gb7c8574cbb (webtiles) character file.

Game seed: 4151838682963231823

10 M4edhros the Charlatan (level 2, 0/16 (18) HPs)
             Began as an Octopode Artificer on Jan 7, 2023.
             Slain by a goblin
             ... wielding a +0 dagger
              (1 damage)
             ... on level 1 of the Dungeon.
             The game lasted 00:00:39 (265 turns).

M4edhros the Charlatan (Octopode Artificer)          Turns: 265, Time: 00:00:40

HP:   0/16 (18)     AC:  1    Str: 11    XL:     2   Next: 20%
MP:   2/2           EV: 13    Int: 13    God:
Gold: 14            SH:  0    Dex: 12    Spells: 1/1 levels left

rFire   . . .      SeeInvis .    (no weapon)
rCold   . . .      Faith    .    (no shield)
rNeg    . . .      Spirit   .    (helmet restricted)
rPois   .          Reflect  .    (no amulet)
rElec   .          Harm     .    (no ring)
rCorr   .          Rampage  .    (no ring)
Will    .....                    (no ring)
Stlth   +++                      (no ring)
HPRegen 0.22/turn                (no ring)
MPRegen 0.08/turn                (no ring)
                                 (no ring)
                                 (no ring)

@: heavily drained
A: almost no armour, amphibious, 8 rings, camouflage 1, gelatinous body 1,
(nimble swimmer 1), tentacles
a: no special abilities


You were on level 1 of the Dungeon.
You visited 1 branch of the dungeon, and saw 1 of its levels.

You collected 14 gold pieces.

Inventory:

Wands
 b - a wand of flame (15) (quivered)
 c - a wand of charming (15)
 d - a wand of iceblast (5)
Scrolls
 a - 2 scrolls of identify {unknown}
 g - a scroll of teleportation {unknown}
Potions
 e - a potion of attraction {unknown}
 f - a potion of cancellation {unknown}
 h - a potion of magic {unknown}
 i - a potion of brilliance {unknown}


   Skills:
 + Level 1.2 Fighting
 + Level 2.5 Dodging
 + Level 1.7 Stealth
 * Level 0.8 Unarmed Combat
 + Level 3.4 Evocations


You had one spell level left.
You didn't know any spells.
Your spell library was empty.

Dungeon Overview and Level Annotations

Branches:
Dungeon (1/15)

Altars:


Innate Abilities, Weirdness & Mutations

You cannot wear most types of armour.
You are amphibious.
You can wear up to eight rings at the same time.
Your skin changes colour to match your surroundings (Stealth+).
Your rubbery body absorbs attacks. (AC +1, EV +1)
((You are camouflaged when in or above water. (Stealth+)))
You have tentacles for arms and can constrict up to eight enemies at once.


Message History

The helpless kobold fails to defend itself.
You tentacle-slap the kobold. Your grab misses the kobold.
The kobold is severely wounded.
The kobold hits you with a +0 club.
You tentacle-slap the kobold.
You kill the kobold!
Things that are here:
a +0 club; 4 stones; a kobold corpse
There are monsters nearby!
The kobold shouts!
A goblin comes into view. It is wielding a +0 dagger.
The endoplasm quivers.
The kobold hits you with a +1 short sword of draining.
You feel drained.
You closely miss the kobold. Your grab misses the kobold.
The kobold hits you with a +1 short sword of draining.
You feel drained. The endoplasm freezes you.
You are frozen.
You tentacle-slap the kobold but do no damage.
You grab the kobold. Your squeeze misses the kobold. You constrict the kobold.
The kobold barely misses you. The endoplasm hits you.
You are too injured to fight recklessly!
You tentacle-slap the kobold.
You kill the kobold!
The endoplasm barely misses you.
You are too injured to fight recklessly!
You barely miss the goblin. Your grab misses the goblin.
You squeeze the goblin, but do no damage.
The endoplasm freezes you.
You are frozen.
The goblin hits you with a +0 dagger.
* * * LOW HITPOINT WARNING * * *
You tentacle-slap the goblin. You grab the goblin.
The goblin is moderately wounded.
You constrict the goblin. The endoplasm freezes you.
You are frozen.
* * * LOW HITPOINT WARNING * * *
The goblin hits you with a +0 dagger.
You die...

#.#....# #
#.#....##+# ...
#.#.......
....#.#.....### ##.
....#.......... ...
............### #.
......g)J...... .
..g...#@.......
#.......#..
......#.#####.......
...####).####........
.. ##...##.........
###..#.........
##.#.........
#.#.........##
#.#...........


You could see an endoplasm and a goblin.

Vanquished Creatures
  An endoplasm (D:1)
  A goblin (D:1)
  3 hobgoblins (D:1)
  A bat (D:1)
  2 kobolds (D:1)
  A rat (D:1)
9 creatures vanquished.

Notes
Turn   | Place    | Note
-------+----------+-------------------------------------------
     0 | D:1      | M4edhros the Octopode Artificer began the quest for the
                  | Orb.
     0 | D:1      | Reached XP level 1. HP: 13/13 MP: 1/1
   141 | D:1      | Reached XP level 2. HP: 11/18 MP: 2/2
   265 | D:1      | Slain by a goblin

Illustrated notes

Levels and vault maps discovered:
D:1:      sevenhm_arrival_forest_fort_small_6, layout_basic, minivault_14,
          minmay_liquid_box

Action                   || total
-------------------------++-------
Melee: Unarmed           ||    30
       Constrict         ||     7
       Tentacles         ||     4
 Stab: Sleeping          ||     3
Armor: Skin              ||     4
Dodge: Dodged            ||    28

Table legend: (Time is in decaauts)
 A = Elapsed time spent in this place.
 B = Non-inter-level travel time spent in this place.
 C = Inter-level travel time spent in this place.
 D = Time resting spent in this place.
 E = Time spent auto-exploring this place.
 F = Levels seen in this place.
 G = Mean time per level.
                   A        B        C        D        E       F      G
               +--------+--------+--------+--------+--------+-----+--------+
         Total |    264 |    264 |      0 |      0 |    171 |   1 |  264.0 |
       Dungeon |    264 |    264 |      0 |      0 |    171 |   1 |  264.0 |
               +--------+--------+--------+--------+--------+-----+--------+

Top non-repeatable levels by time:
     D:1: 264 daAuts
